 Dungeon Crawl Stone Soup version 0.30.1-11-g7821555f0a (webtiles) character file.

Game seed: 5078015902370329592

22 H0rd4k the Charlatan (level 3, -3/26 HPs)
             Began as a Human Artificer on Dec 15, 2023.
             Slain by a gnoll
             ... wielding a +0 halberd
              (9 damage)
             ... on level 2 of the Dungeon.
             The game lasted 00:00:53 (1072 turns).

H0rd4k the Charlatan (Human Artificer)              Turns: 1072, Time: 00:00:53

Health: -3/26      AC:  3    Str: 12    XL:     3   Next: 7%
Magic:  3/3        EV: 11    Int: 13    God:
Gold:   43         SH:  0    Dex: 13    Spells: 2/2 levels left

rFire   . . .        a - +0 club
rCold   . . .        (no shield)
rNeg    . . .        b - +0 leather armour
rPois   .            (no helmet)
rElec   .            (no cloak)
rCorr   .            (no gloves)
SInv    .            (no boots)
Will    .....        (no amulet)
Stlth   +            (no ring)
HPRegen 0.24/turn    (no ring)
MPRegen 0.08/turn

%: no passive effects
@: no status effects
A: no striking features
a: no special abilities


You were on level 2 of the Dungeon.
You visited 1 branch of the dungeon, and saw 2 of its levels.

You collected 43 gold pieces.

Inventory:

Hand Weapons
 a - a +0 club (weapon)
Missiles
 o - 5 curare-tipped darts
Armour
 b - a +0 leather armour (worn)
Wands
 c - a wand of flame (14) (quivered)
 d - a wand of charming (14)
 e - a wand of iceblast (5)
Scrolls
 g - a scroll of acquirement {unknown}
 h - a scroll of immolation {unknown}
 i - 4 scrolls of enchant armour {unknown}
 k - a scroll of magic mapping {unknown}
 l - a scroll of noise {unknown}
Potions
 f - a potion of lignification {unknown}
 j - 2 potions of curing {unknown}
 m - a potion of heal wounds {unknown}
 n - a potion of brilliance {unknown}
 p - a potion of flight {unknown}


   Skills:
 + Level 1.6 Fighting
 + Level 0.8 Maces & Flails
 - Level 2.0 Armour
 + Level 1.9 Dodging
 - Level 1.0 Stealth
 - Level 3.1 Evocations


You had 2 spell levels left.
You didn't know any spells.
Your spell library was empty.

Dungeon Overview and Level Annotations

Branches:
Dungeon (2/15)

Altars:


Message History

You hit the hobgoblin.
The hobgoblin is severely wounded.
The hobgoblin hits you.
A hobgoblin is nearby!
You hit the hobgoblin but do no damage.
The hobgoblin is severely wounded.
The hobgoblin hits you but does no damage.
A hobgoblin is nearby!
A hobgoblin is nearby!
You hit the hobgoblin.
You kill the hobgoblin!
HP restored.
You see here a hobgoblin corpse.
Found a stone staircase leading up.
No target in view!
Found a stone staircase leading down.
No target in view!
You now have 43 gold pieces (gained 9).
i - 4 scrolls labelled ALEQUMNO IGIWN (gained 3) 2 gnolls come into view.
The gnoll moves out of view.
A quokka comes into view.
Found 28 gold pieces.
There are monsters nearby!
A gnoll comes into view. It is wielding a +0 halberd.
The gnoll completely misses you. The gnoll hits you with a +0 halberd.
There are monsters nearby!
You hit the gnoll.
The gnoll is lightly wounded.
The gnoll shouts!
The gnoll misses you. The gnoll closely misses you.
The gnoll hits you with a +0 spear. The gnoll hits you with a +0 halberd!
There are monsters nearby!
You are too injured to fight recklessly!
The gnoll attacks as you move away! The gnoll closely misses you.
The gnoll attacks as you move away! The gnoll misses you.
The gnoll hits you from afar with a +0 spear.
* * * LOW HITPOINT WARNING * * *
The gnoll hits you from afar with a +0 halberd!
You die...

#.# #.# #.# #.# #.#
#.########
###############........#
.......................#
......##########@.......
###.#.###.....g.........
........+.....g.r.......
###.#.###.......#######.
# #.#.# #.......# #
#.#.# #.$....g# # #.#.#
###...... # #.#.#
#$..... #+#.# #......


You could see 3 gnolls and a quokka.

Vanquished Creatures
  2 dart slugs (D:1)
  2 bats (D:1)
  3 endoplasms (D:1)
  A giant cockroach (D:1)
  2 goblins (D:1)
  2 hobgoblins
  A kobold (D:1)
  A quokka (D:1)
14 creatures vanquished.

Vanquished Creatures (others)
  A kobold (D:1)
1 creature vanquished.

Grand Total: 15 creatures vanquished

Notes
Turn   | Place    | Note
-------+----------+-------------------------------------------
     0 | D:1      | H0rd4k the Human Artificer began the quest for the Orb.
     0 | D:1      | Reached XP level 1. HP: 15/15 MP: 1/1
    94 | D:1      | Reached XP level 2. HP: 5/21 MP: 2/2
   685 | D:1      | Reached XP level 3. HP: 15/26 MP: 3/3
  1072 | D:2      | Slain by a gnoll

Illustrated notes

Levels and vault maps discovered:
D:1:      dpeg_arrival_rooms_b, layout_loops_ring, minmay_misc_feat_x
D:2:      layout_basic

Action                     || total
---------------------------++-------
  Melee: Club              ||    68
  Evoke: Wand              ||     2
   Stab: Sleeping          ||     2
 Armour: Leather armour    ||    34
  Dodge: Dodged            ||    49
